 Dungeon Crawl Stone Soup version 0.30.1-3-gfc49f6343a (webtiles) character file.

Game seed: 8406432522522655150

39240 GeoRichter the Destroyer (level 13, -1/98 (103) HPs)
             Began as a Demonspawn Ice Elementalist on Aug 8, 2023.
             Was an Elder of Ru.
             Shot with an arrow by a centaur warrior (6 damage)
             ... in a volcano.
             The game lasted 00:39:05 (17914 turns).

GeoRichter the Destroyer (DsIE)                    Turns: 17914, Time: 00:39:05

HP:   -1/98 (103)   AC:  9    Str:  8    XL:     13   Next: 68%
MP:   26/26         EV: 22    Int: 26    God:    Ru [****..]
Gold: 908           SH:  0    Dex: 16    Spells: 19/31 levels left

rFire   . . .        M - +4 spear (freeze)
rCold   . . .        (no shield)
rNeg    + . .        O - +1 robe "Rah Fora" {rN+ Dex+3}
rPois   .            W - +1 hat of Free Expression {Regen+ Int+5}
rElec   .            U - +0 cloak
rCorr   +            (no gloves)
SInv    .            l - +1 pair of boots
Will    .....        (no amulet)
Stlth   +++          y - ring "Ziur" {rCorr Str-2 Slay+4 Stlth+}
HPRegen 1.16/turn    e - +5 ring of evasion
MPRegen 0.20/turn

%: no passive effects
@: exhausted, lightly drained, invisible, unable to drink
A: thin metallic scales 1, foul stench 3, powered by death 2, inability to drink
after injury 2, hated by all, inability to train armour, weakness stinger 1
a: Renounce Religion, Draw Out Power, Power Leap


You were in a volcano.
You worshipped Ru.
Ru was greatly pleased with you.
You visited 2 branches of the dungeon, and saw 16 of its levels.
You also visited: Bailey and Volcano.

You collected 1098 gold pieces.
You spent 190 gold pieces at shops.

Inventory:

Hand Weapons
 M - a +4 spear of freezing (weapon)
   (You took it off a wight on level 7 of the Dungeon)
 R - a +1 demon whip of venom
   (You took it off Amaemon on level 2 of the Lair of Beasts)
Missiles
 k - 41 poisoned darts
 z - 2 throwing nets {!f}
Armour
 l - a +1 pair of boots (worn)
   (You found it on level 9 of the Dungeon)
 u - an orb of wrath
   (You found it on level 3 of the Dungeon)
 F - an orb of mayhem
   (You found it on level 6 of the Dungeon)
 O - the +1 robe "Rah Fora" (worn) {rN+ Dex+3}
   (You found it on level 1 of the Lair of Beasts)

   Dex:       It affects your dexterity (+3).
   rN:        It protects you from negative energy.
 U - a +0 cloak (worn)
   (You found it on level 4 of the Lair of Beasts)
 W - the +1 hat of Free Expression (worn) {Regen+ Int+5}
   (You found it on level 4 of the Lair of Beasts)

   Int:       It affects your intelligence (+5).
   Regen:     It increases your rate of health regeneration.
Magical Staves
 f - a staff of cold
   (You found it on level 4 of the Dungeon)
Jewellery
 a - an amulet of guardian spirit
   (You found it on level 4 of the Lair of Beasts)
 e - a +5 ring of evasion (right hand)
   (You found it on level 1 of the Dungeon)
 i - a +6 ring of dexterity
   (You found it on level 9 of the Dungeon)
 m - a ring of positive energy
   (You found it on level 2 of the Dungeon)
 s - a ring of wizardry
   (You found it on level 3 of the Dungeon)
 y - the ring "Ziur" (left hand) {rCorr Str-2 Slay+4 Stlth+}
   (You found it on level 10 of the Dungeon)

   [ring of slaying]

   Str:       It affects your strength (-2).
   Slay:      It affects your accuracy & damage with ranged weapons and melee
   (+4).
   rCorr:     It protects you from acid and corrosion.
   Stlth:     It makes you more stealthy.
 L - a ring of ice
   (You found it on level 7 of the Dungeon)
 N - a +6 ring of strength
   (You found it on level 4 of the Lair of Beasts)
 P - a ring of protection from cold
   (You found it on level 2 of the Lair of Beasts)
 X - a ring of protection from cold
   (You found it on level 4 of the Lair of Beasts)
Wands
 B - a wand of paralysis (11)
   (You took it off a centaur on level 5 of the Dungeon)
 Q - a wand of flame (11)
   (You found it on level 2 of the Lair of Beasts)
Scrolls
 g - 3 scrolls of poison {!r}
 h - 4 scrolls of blinking
 j - 5 scrolls of enchant weapon
 n - a scroll of enchant armour
 q - 2 scrolls of vulnerability {!r}
 v - 4 scrolls of magic mapping
 w - 8 scrolls of teleportation {@r4}
 A - a scroll of fog
 E - a scroll of fear
 G - 2 scrolls of immolation {!r}
 S - a scroll of torment {unknown}
Potions
 b - 2 potions of magic
 c - 2 potions of heal wounds {@q2}
 d - 5 potions of lignification {!q}
 p - 2 potions of attraction {unknown}
 r - 6 potions of curing {@q1}
 t - a potion of haste {unknown}
 x - 2 potions of ambrosia
 C - a potion of brilliance {unknown}
 D - 5 potions of mutation {!q}
 H - 2 potions of might
 J - 2 potions of degeneration {unknown}
 K - 3 potions of flight
 V - a potion of cancellation {unknown}


   Skills:
 - Level 10.0 Fighting
 - Level 9.0 Dodging
 - Level 1.7 Stealth
 - Level 9.6 Spellcasting
 * Level 11.5 Conjurations
 - Level 10.2 Ice Magic
 + Level 6.1 Earth Magic
 - Level 3.0 Evocations


You had 19 spell levels left.
You knew the following spells:

 Your Spells              Type           Power      Damage    Failure   Level
a - Iron Shot             Conj/Erth      28%        9d6       19%         6
b - Frozen Ramparts       Ice            100%       1d16      1%          3
c - Ozocubu's Armour      Ice            60%        N/A       1%          3

Your spell library contained the following spells:

 Spells                   Type           Power      Damage    Failure   Level
 Freeze                   Ice            100%       1d10      1%          1
 Apportation              Tloc           24%        N/A       4%          1
 Arcjolt                  Conj/Air       21%        1d31      12%         5
 Vhi's Electric Charge    Tloc/Air       24%        N/A       14%         3
 Borgnjor's Vile Clutch   Necr/Erth      14%        N/A       36%         5
 Alistair's Intoxication  Tmut/Pois      8%         N/A       80%         5
 Blade Hands              Tmut           6%         N/A       80%         5
 Plasma Beam              Fire/Air       6%         2x1d18    100%        6
 Summon Ice Beast         Ice/Summ       Unusable   N/A       N/A         4
 Animate Armour           Summ/Erth      Unusable   N/A       N/A         4
 Animate Dead             Necr           Unusable   N/A       N/A         4
 Death Channel            Necr           Unusable   N/A       N/A         6

Dungeon Overview and Level Annotations

Branches:
Dungeon (11/15) Zot: 24270  Temple (0/1) D:7            Lair (5/5) D:11 Zot: 25501
 Shoals (0/4) Lair:3        Snake (0/4) Lair:3        Slime (0/5) Lair:5
 Bailey (visited)         Volcano (1/1) Zot: 5769
    Orc: D:9-12

Altars:
Cheibriados
Dithmenos
Gozag
Kikubaaqudgha
Nemelex Xobeh
Okawaru
Qazlal
Ru
Uskayaw
Vehumet
Wu Jian

Shops:
D:3 !   D:6 !   D:7 ?*[=(   D:10 *

Annotations:
D:6 1 runed translucent door, Sensen's ghost, novice DrTm
D:8 1 runed translucent door, tykejmi's ghost, novice GrEE
Lair:1 3 runed translucent doors, danmikkh's ghost, journeyman DjFE


Innate Abilities, Weirdness & Mutations

You are partially covered in thin metallic scales. (AC +2)
You frequently emit foul miasma when damaged in melee.
You regenerate health from kills.
You sometimes lose the ability to drink potions when taking damage.
You are hated by all.
You cannot train Armour skill.
You have a small tail.


Message History

The arrow completely misses you.
The centaur warrior shoots an arrow.
The arrow hits you!
* * * LOW HITPOINT WARNING * * *
The arrow burns you.
* * * LOW HITPOINT WARNING * * *
Your frozen ramparts will break if you move.
Continue?
The frozen ramparts melt away as you move.
Things that are here:
a +1 arbalest of flaming; a yaktaur corpse The centaur warrior is no longer blind.
The centaur warrior unwields a +0 shortbow of flaming.
It stops flaming.
The centaur warrior completely misses you.
The centaur warrior kicks you but does no damage.
Things that are here:
a +1 arbalest of flaming; a yaktaur corpse You hit the centaur warrior.
You freeze the centaur warrior. You punch the centaur warrior.
The centaur warrior is moderately wounded.
The centaur warrior barely misses you.
The centaur warrior kicks you but does no damage.
The centaur warrior completely misses you.
The centaur warrior closely misses you.
You strike the helpless centaur warrior from behind!
You hit the centaur warrior. You freeze the centaur warrior.
You tail-slap the centaur warrior.
The centaur warrior is heavily wounded.
The centaur warrior misses you.
The centaur warrior completely misses you.
You closely miss the centaur warrior.
The centaur warrior is heavily wounded.
The centaur warrior completely misses you. x3
The centaur warrior kicks you.
* * * LOW HITPOINT WARNING * * *
You hit the centaur warrior. You freeze the centaur warrior.
Your punch misses the centaur warrior.
The centaur warrior is heavily wounded.
The centaur warrior completely misses you. x3
The centaur warrior closely misses you.
You closely miss the centaur warrior.
The centaur warrior is heavily wounded.
The centaur warrior wields a +0 shortbow of flaming.
It bursts into flame!
The centaur warrior shoots an arrow.
The arrow hits you!
* * * LOW HITPOINT WARNING * * *
The arrow burns you.
* * * LOW HITPOINT WARNING * * *
The centaur warrior shoots an arrow.
The arrow hits you!
* * * LOW HITPOINT WARNING * * *
The arrow burns you.
You die...

~~~~,*,,,,*,#.#,*,,,,#.≈≈≈≈≈≈≈~~~
~~~~,*,,,,*,#.#,*,,,,#.≈≈≈≈≈≈§~~~
~~~~,*,,,,*,#.#,*,,,,#.≈≈≈≈≈§§~~~
~~~~,******,#.#.######.≈§≈§≈≈≈~~~
~~~~,*,,,,,,#.#......#.≈§§§≈§≈~~~
~~~~,***++###'###++###.≈§§§§§≈~~~
~~~~,*,,,,#..)..#....#.≈§§§§≈≈~~~
§§≈≈.#,∩,,#.8_8)#..∩.#°°≈°○○≈○~~~
§≈≈..#,,,,+..)..@c...#.○°°☼○°°~~≈
§≈§≈§#################○☼○○○§○≈~~≈
§≈≈...§..............§§§≈≈§≈≈≈~≈§
≈≈§≈≈≈§§§≈≈≈.≈≈≈§≈≈≈≈≈§§≈≈≈§≈§≈≈§
≈§≈≈§§§§≈≈§.≈≈§§≈≈≈≈≈≈≈≈≈≈≈§§§≈≈§
≈≈§§≈§≈§≈..≈≈≈§§≈§≈≈≈≈≈≈≈≈≈≈§≈≈≈≈
≈≈§§≈≈≈.§§§§≈≈≈≈≈≈≈≈≈≈≈≈≈≈≈≈≈≈§§≈
..≈≈§§§≈≈≈§≈§§§≈≈§§≈≈≈≈≈≈≈≈≈§§§§.
≈≈§.§≈≈≈≈≈§≈§§≈§§§§≈§≈≈≈≈≈§≈§≈§§.


You could see a centaur warrior (unable to see you).

Vanquished Creatures
  A centaur warrior (D:10)
  A hydra (Lair:4)
  2 vault guards (Bailey)
  A catoblepas (Lair:4)
  2 two-headed ogres
  2 boulder beetles
  2 death yaks (Lair:4)
  Amaemon (Lair:2)
  A skyshark (Lair:4)
  Pikel (D:5)
  A deep elf pyromancer (D:11)
  5 black mambas
  3 elephants (Lair:3)
  An orange demon (Lair:2)
  A torpor snail (Lair:4)
  A gargoyle (D:10)
  A merfolk siren (Lair:3)
  2 cane toads
  A yaktaur (Volcano)
  7 komodo dragons
  An unseen horror (D:10)
  2 kobold demonologists (D:11)
  3 trolls
  2 polar bears
  Prince Ribbit (Bailey)
  22 blink frogs
  Sigmund (D:5)
  3 shadows
  A vampire (D:10)
  2 wraiths
  3 wyverns
  A fire bat (Volcano)
  44 yaks
  4 basilisks
  5 humans (Bailey)
  2 vampire mosquitoes (D:10)
  5 nagas (Lair:3)
  An acid dragon (D:10)
  12 water moccasins
  2 hell hounds (Lair:5)
  4 orc warriors
  A black bear (D:5)
  A sky beast (D:6)
  2 ogres
  13 centaurs
  8 wolves
  A lemure (D:5)
  5 kobold brigands
  2 gnoll sergeants (D:10)
  18 bullfrogs
  2 scorpions (D:6)
  3 elf skeletons (D:8)
  10 wights (D:7)
  10 killer bees
  4 howler monkeys
  3 electric eels (D:11)
  3 lava snakes (Volcano)
  8 hounds
  5 jellies
  6 iguanas
  6 orc priests
  A gnoll bouda (D:9)
  2 human skeletons (D:8)
  11 orc wizards
  18 gnolls
  4 adders
  A shadow imp (D:8)
  3 white imps
  An ufetubus (D:5)
  2 worms
  2 dart slugs (D:2)
  38 orcs
  7 ball pythons
  7 endoplasms
  5 giant cockroaches
  9 goblins
  14 hobgoblins
  4 jackals (D:1)
  31 kobolds
  8 quokkas
  7 bats
  8 frilled lizards
  An orc zombie (D:8)
  5 rats
  A butterfly (Lair:1)
459 creatures vanquished.

Vanquished Creatures (others)
  2 centaurs (Volcano)
  A kobold (D:11)
3 creatures vanquished.

Grand Total: 462 creatures vanquished

Notes
Turn   | Place    | Note
-------+----------+-------------------------------------------
     0 | D:1      | GeoRichter the Demonspawn Ice Elementalist began the quest
                  | for the Orb.
     0 | D:1      | Reached XP level 1. HP: 13/13 MP: 3/3
   217 | D:1      | Gained mutation: You are partially covered in thin metallic
                  | scales. (AC +2) [demonic ancestry]
   217 | D:1      | Reached XP level 2. HP: 19/19 MP: 3/5
   719 | D:1      | Gained mutation: You regenerate a little health from kills.
                  | [demonic ancestry]
   719 | D:1      | Reached XP level 3. HP: 24/24 MP: 0/6
  1732 | D:2      | Reached skill level 5 in Ice Magic
  1893 | D:2      | Reached XP level 4. HP: 28/30 MP: 0/7
  1904 | D:2      | Learned a level 3 spell: Frozen Ramparts
  1908 | D:2      | Learned a level 3 spell: Ozocubu's Armour
  2334 | D:2      | Found a faded altar of an unknown god.
  2632 | D:3      | Found a blossoming altar of Fedhas.
  2691 | D:3      | Found Vaohipp's Distillery.
  2699 | D:3      | Bought a potion of curing for 36 gold pieces
  3212 | D:4      | Noticed an ogre
  3254 | D:4      | Gained mutation: You regenerate health from kills. [demonic
                  | ancestry]
  3254 | D:4      | Reached XP level 5. HP: 35/35 MP: 2/8
  3255 | D:4      | Killed an ogre
  3440 | D:4      | You fall into a shaft and drop 1 floor!
  3440 | D:5      | Entered Level 5 of the Dungeon
  3454 | D:5      | Reached XP level 6. HP: 41/41 MP: 3/9
  3528 | D:5      | Noticed Pikel
  3550 | D:5      | Killed Pikel
  3551 | D:5      | Reached XP level 7. HP: 46/46 MP: 2/10
  3773 | D:5      | Paralysed by a centaur for 4 turns
  3933 | D:5      | Gained mutation: You have a small tail. [demonic ancestry]
  3933 | D:5      | Reached XP level 8. HP: 52/52 MP: 6/11
  4109 | D:5      | Found a shadowy altar of Dithmenos.
  4218 | D:5      | Noticed Sigmund
  4286 | D:5      | Killed Sigmund
  4368 | D:5      | Reached skill level 10 in Ice Magic
  4467 | D:5      | Reached skill level 1 in Fighting
  4735 | D:6      | Reached skill level 1 in Evocations
  5141 | D:6      | Found a runed translucent door.
  5154 | D:6      | Noticed Sensen's ghost (novice DrTm)
  5238 | D:6      | Gained mutation: You may rarely emit foul miasma when
                  | damaged in melee. [demonic ancestry]
  5238 | D:6      | Reached XP level 9. HP: 66/66 MP: 6/12
  5325 | D:6      | Found Nenwouwu's Distillery.
  5328 | D:6      | Bought 2 potions of curing for 66 gold pieces
  5328 | D:6      | Bought a potion of invisibility for 88 gold pieces
  5600 | D:7      | Found Hues's Assorted Antiques.
  5600 | D:7      | Found Doss's Armour Emporium.
  5605 | D:7      | Reached skill level 5 in Fighting
  5673 | D:7      | Found Ceyhicul's Jewellery Shoppe.
  5708 | D:7      | Found Wecu's Magic Scroll Shop.
  5931 | D:7      | Found Zumur's Weapon Shop.
  6501 | D:7      | Found a radiant altar of Vehumet.
  6502 | D:7      | Found an iron altar of Okawaru.
  6506 | D:7      | Found a hide-covered altar of Uskayaw.
  6507 | D:7      | Found a basalt altar of Yredelemnul.
  6508 | D:7      | Found an opulent altar of Gozag.
  6508 | D:7      | Found a stormy altar of Qazlal.
  6508 | D:7      | Found an ancient bone altar of Kikubaaqudgha.
  6508 | D:7      | Found a hazy altar of Hepliaklqana.
  6510 | D:7      | Found a sacrificial altar of Ru.
  6512 | D:7      | Found a snail-covered altar of Cheibriados.
  6513 | D:7      | Found a sparkling altar of Nemelex Xobeh.
  6525 | D:7      | Became a worshipper of Ru the Awakened
  6941 | D:7      | Found a staircase to the Ecumenical Temple.
  7098 | D:8      | Found a runed translucent door.
  7098 | D:8      | Noticed tykejmi's ghost (novice GrEE)
  7137 | D:8      | Noticed a troll
  7156 | D:8      | Found a flagged portal.
  7167 | Bailey   | Entered a bailey
  7298 | Bailey   | Reached XP level 10. HP: 79/79 MP: 9/16
  7476 | Bailey   | Noticed Prince Ribbit
  7477 | Bailey   | Noticed a vault guard
  7524 | Bailey   | Killed a vault guard
  7525 | Bailey   | Killed Prince Ribbit
  7526 | Bailey   | Reached skill level 5 in Spellcasting
  7593 | Bailey   | Noticed a vault guard
  7605 | Bailey   | Killed a vault guard
  7606 | Bailey   | Reached skill level 5 in Dodging
  8061 | D:8      | Gained mutation: You cannot train Armour skill. [Ru
                  | sacrifice]
  8061 | D:8      | Reached * piety under Ru
  8717 | D:9      | Noticed a two-headed ogre
  8729 | D:9      | Killed a two-headed ogre
  8781 | D:9      | Gained mutation: You sometimes emit foul miasma when
                  | damaged in melee. [demonic ancestry]
  8781 | D:9      | Reached XP level 11. HP: 72/90 MP: 10/19
  8809 | D:9      | Reached skill level 10 in Fighting
  9179 | D:9      | Identified the +5 war axe "Kaumoip" {flame, rF+}
  9734 | D:10     | Entered Level 10 of the Dungeon
  9815 | D:10     | Found an ornate altar of the Wu Jian Council.
  9963 | D:10     | Noticed a boulder beetle
  9972 | D:10     | Killed a boulder beetle
 10031 | D:10     | Identified the ring "Ziur" {rCorr Str-2 Slay+4 Stlth+}
 10091 | D:10     | Gained mutation: You occasionally lose the ability to drink
                  | potions when taking damage. [Ru sacrifice]
 10091 | D:10     | Gained mutation: You sometimes lose the ability to drink
                  | potions when taking damage. [Ru sacrifice]
 10091 | D:10     | Reached ** piety under Ru
 10091 | D:10     | Reached *** piety under Ru
 10286 | D:10     | Found Ea-nāṣir's Fine Metal Goods.
 10380 | D:10     | Noticed a two-headed ogre
 10393 | D:10     | Killed a two-headed ogre
 10935 | D:11     | Noticed a centaur warrior
 11195 | D:11     | Noticed a deep elf pyromancer
 11210 | D:11     | Killed a deep elf pyromancer
 11299 | D:11     | Noticed a sun demon
 11472 | D:10     | Killed a centaur warrior
 12179 | D:11     | Found a stormy altar of Qazlal.
 12219 | D:11     | Gained mutation: You frequently emit foul miasma when
                  | damaged in melee. [demonic ancestry]
 12219 | D:11     | Reached XP level 12. HP: 97/97 MP: 25/25
 12328 | D:11     | Reached skill level 1 in Conjurations
 12359 | D:11     | Found a staircase to the Lair.
 12503 | D:11     | Reached skill level 2 in Conjurations
 13252 | Lair:1   | Entered Level 1 of the Lair of Beasts
 13275 | Lair:1   | Reached skill level 3 in Conjurations
 13444 | Lair:1   | Reached skill level 4 in Conjurations
 13458 | Lair:1   | Found a runed translucent gate.
 13459 | Lair:1   | Found a runed translucent gate.
 13460 | Lair:1   | Found a runed translucent gate.
 13463 | Lair:1   | Found a viscous altar of Jiyva.
 13463 | Lair:1   | Noticed danmikkh's ghost (journeyman DjFE)
 13632 | Lair:1   | Identified the +0 robe of the Slightly Bent {+Blink Str+4
                  | Int+6 Dex-5}
 13709 | Lair:1   | Reached skill level 5 in Conjurations
 13757 | Lair:1   | Identified the +8 flail "Vyma" {protect, +Blink Str+3}
 13770 | Lair:1   | Identified the +1 robe "Rah Fora" {rN+ Dex+3}
 13814 | Lair:1   | Gained mutation: You are hated by all. [Ru sacrifice]
 13814 | Lair:1   | Reached **** piety under Ru
 14214 | Lair:2   | Reached skill level 6 in Conjurations
 14390 | Lair:2   | Noticed Amaemon
 14415 | Lair:2   | Killed Amaemon
 14416 | Lair:2   | Reached skill level 1 in Earth Magic
 14575 | Lair:2   | Reached skill level 7 in Conjurations
 15023 | Lair:2   | Reached skill level 8 in Conjurations
 15030 | Lair:2   | Learned a level 6 spell: Iron Shot
 15773 | Lair:3   | Reached XP level 13. HP: 90/103 MP: 15/26
 15980 | Lair:3   | Found a staircase to the Shoals.
 15994 | Lair:3   | Reached skill level 9 in Conjurations
 16271 | Lair:3   | Found a staircase to the Snake Pit.
 16608 | Lair:4   | Reached skill level 10 in Conjurations
 16817 | Lair:4   | Reached skill level 5 in Earth Magic
 16912 | Lair:4   | Reached skill level 11 in Conjurations
 17398 | Lair:4   | Identified the +1 hat of Free Expression {Regen+ Int+5}
 17631 | Lair:5   | Entered Level 5 of the Lair of Beasts
 17656 | Lair:5   | Found a dark tunnel.
 17687 | Volcano  | Entered a volcano
 17890 | Volcano  | Found a burning altar of Makhleb.
 17914 | Volcano  | Shot with an arrow by a centaur warrior

Illustrated notes

Levels and vault maps discovered:
D:1:      reono_arrival_forest_river, layout_loops_corners
D:2:      kennysheep_six_static_rooms, layout_basic,
          shapermc_ecumenical_altar_hornbeckon
D:3:      layout_loops_ring, fedhas_altar_3, serial_shops, shop,
          chequers_serial_rivers_micro_e, minmay_box_of_dots
D:4:      nicolae_cairo_tiling, layout_rooms, uniq_natasha
D:5:      layout_loops_corners, nicolae_dithmenos_shadow_blocks, minivault_26,
          minmay_misc_feat_secret_circle, uniq_pikel, uniq_sigmund
D:6:      layout_basic, kennysheep_mini, ebering_ghost_sewer_d, serial_shops,
          kennysheep_mini_moat
D:7:      cheibrodos_quashed, layout_loops_corners, minitemple,
          lemuel_temple_firewalk_b, serial_shops, nicolae_stop_n_shop_2,
          nicolae_stop_n_shop_1, shop, shop, shop
D:8:      layout_cave_pools, enter_bailey_4, gammafunk_ghost_grave,
          nicolae_ossuary_entry_catacombs
D:9:      layout_irregular_city
D:10:     layout_rooms, amcnicky_altar_gilded, nicolae_ea-nasir_strikes_again
D:11:     layout_big_octagon, erik_lair_island, nicolae_qazlal_eye_of_the_storm
Lair:1:   beast_lair_carwin_large_2, layout_cave_shapes, gammafunk_ghost_ooze,
          lemuel_fruit_tree, lemuel_fruit_fields, infiniplex_staircase_pool_2
Lair:2:   layout_cave_pods, uniq_amaemon
Lair:3:   layout_misc_corridors, elwin_shoals_entry_rooms,
          minmay_snake_entry_guardpost_medium
Lair:4:   layout_roguey, nicolae_lair_yak_garden
Lair:5:   cheibrodos_lair_end_hotspot, layout_gridlike, slime_entry_1,
          enter_volcano_3, ebering_ghost_inner_flame,
          nicolae_quartered_pool_super, uniq_snorg, uniq_josephine
Volcano:  volcano_lake [vl_original]

Skill      XL: |  1  2  3  4  5  6  7  8  9 10 11 12 13 |
---------------+----------------------------------------+-----
Ice Magic      | 4 5 6 8 9 10 | 10.2
Fighting       | 4 7 9 10 | 10.0
Evocations     | 3 |  3.0
Dodging        | 4 5 8 9 |  9.0
Spellcasting   | 4 5 9 |  9.6
Conjurations   | 8 11 | 11.5
Earth Magic    | 3 6 |  6.1
Stealth        | |  1.7

Action                     |  1- 3 |  4- 6 |  7- 9 | 10-12 | 13-15 || total
---------------------------+-------+-------+-------+-------+-------++-------
  Melee: Unarmed           |     1 |       |       |       |       ||     1
         Dagger            |     7 |    27 |    74 |       |       ||   108
         Punch             |       |       |     3 |     4 |     3 ||    10
         Tailslap          |       |       |    21 |    81 |    44 ||   146
         Spear             |       |       |    78 |   547 |   188 ||   813
  Throw: Dart              |       |       |     1 |     4 |    12 ||    17
   Cast: Freeze            |    80 |    39 |    10 |       |       ||   129
         Frozen Ramparts   |       |     4 |    40 |    81 |    24 ||   149
         Ozocubu's Armour  |       |     3 |    22 |    46 |    13 ||    84
 Invoke: Sacrifice Durabil |       |       |       |     1 |       ||     1
         Sacrifice Drink   |       |       |       |     1 |       ||     1
         Sacrifice Love    |       |       |       |     1 |       ||     1
         Draw Out Power    |       |       |       |       |     1 ||     1
         Reject Sacrifices |       |       |       |       |     1 ||     1
  Evoke: Wand              |       |       |     1 |     5 |     1 ||     7
    Use: Potion            |       |     2 |     1 |     6 |     1 ||    10
         Scroll            |       |     1 |     8 |    12 |     6 ||    27
   Stab: Paralysed         |       |       |     4 |     6 |       ||    10
         Sleeping          |       |       |     2 |     2 |     2 ||     6
         Invisible         |       |       |       |     2 |     4 ||     6
 Armour: Robe              |     9 |     8 |    24 |   153 |    42 ||   236
  Dodge: Dodged            |    53 |    31 |   105 |   666 |   158 ||  1013
